 Dungeon Sprint DCSS version 0.27.1-33-g824d729ab1 (webtiles) character file.

Game seed: 4736022493087716251

715 Hipnos the Unseen (level 7, -6/44 HPs)
             Began as a Gargoyle Brigand on Dec 1, 2021.
             Was a Follower of Okawaru.
             Killed from afar by a smoke demon (19 damage)
             ... with a ball of steam
             ... summoned by a kobold demonologist
             ... in the Dungeon (Sprint I: "Red Sonja").
             The game lasted 00:02:48 (395 turns).

Hipnos the Unseen (Gargoyle Brigand)                 Turns: 395, Time: 00:02:48

Health: -6/44      AC:  7    Str: 14      XL:     7   Next: 69%
Magic:  7/7        EV: 12    Int: 12      God:    Okawaru [*.....]
Gold:   405        SH:  0    Dex: 12 (13) Spells: 6/6 levels left

rFire    . . .     SeeInvis .   a - +2 dagger
rCold    . . .     Faith    .   (no shield)
rNeg     + . .     Spirit   .   b - +0 robe
rPois    ∞         Reflect  .   (no helmet)
rElec    +         Harm     .   c - +0 cloak
rCorr    .         Rampage  .   (no gloves)
Will     .....     NoTele   +   (no boots)
Stlth    ++++++....             (no amulet)
HPRegen  0.14/turn              l - ring of flight
MPRegen  0.10/turn              (no ring)

@: flying
A: sickness immunity, AC +4, negative energy resistance 1, electricity
resistance, torment resistance 1, petrification resistance
a: Renounce Religion, Heroism


You were in the Dungeon.
You worshipped Okawaru.
Okawaru was aware of your devotion.
You visited 1 branch You collected 405 gold pieces.

Inventory:

Hand Weapons
 a - a +2 dagger (weapon)
Armour
 b - a +0 robe (worn)
 c - a +0 cloak (worn)
Jewellery
 l - a ring of flight (left hand)
Scrolls
 m - a scroll of identify {unknown}
Potions
 f - 2 potions of curing
 h - a potion of haste
 i - 2 potions of magic
 j - 2 potions of degeneration {unknown}


   Skills:
 + Level 4.4 Fighting
 + Level 4.0 Short Blades
 + Level 4.4 Throwing
 + Level 2.1 Dodging
 * Level 16.5 Stealth


You had 6 spell levels left.
You didn't know any spells.
Your spell library was empty.

Dungeon Overview and Level Annotations

Branches:
Dungeon (1/1)

Altars:
Cheibriados
Dithmenos
Elyvilon
Fedhas
Gozag
Hepliaklqana
Kikubaaqudgha
Makhleb
Nemelex Xobeh
Okawaru
Qazlal
Ru
Sif Muna
Trog
Uskayaw
Vehumet
Wu Jian
Xom
Yredelemnul
Zin
The Shining One
Jiyva
Lugonu

Shops:
D !


Innate Abilities, Weirdness & Mutations

You are immune to sickness and miasma.
Your stone body is resilient. (AC +4)
You are immune to poison.
You resist negative energy. (rN+)
You are resistant to electric shocks. (rElec)
You are resistant to unholy torment.
You are immune to petrification.


Message History

You throw a poisoned dart.
The poisoned dart closely misses the kobold demonologist.
The poisoned dart hits the quasit.
The quasit is poisoned.
The kobold demonologist looks satisfied for a moment.
The crimson imp hits you but does no damage.
Unknown command.
You miss the kobold demonologist.
The kobold demonologist is lightly wounded.
The kobold demonologist gestures wildly while chanting.
The crimson imp misses you.
You aren't carrying any items that you can evoke.
You hit the kobold demonologist.
The kobold demonologist is lightly wounded.
The ufetubus hits you.
The ufetubus hits you but does no damage.
The kobold demonologist gestures wildly while chanting.
You hit the kobold demonologist.
The kobold demonologist is moderately wounded.
The crimson imp hits you. The ufetubus barely misses you. x2
The quasit misses you.
The quasit claws you but does no damage.
The quasit claws you.
You closely miss the kobold demonologist.
The kobold demonologist is moderately wounded.
The quasit disappears in a puff of smoke!
The ufetubus disappears in a puff of smoke!
The kobold demonologist barely misses you.
The smoke demon closely misses you. The smoke demon hits you.
* * * LOW HITPOINT WARNING * * *
The smoke demon hits you but does no damage.
The crimson imp blinks!
The crimson imp hits you but does no damage.
The quasit completely misses you.
The quasit claws you but does no damage. x2
You hit the kobold demonologist.
The kobold demonologist is moderately wounded.
The kobold demonologist mumbles some strange words.
The smoke demon gestures at you. The ball of steam hits you!!
You die...

#########################
#<.#..'..#.)'..#__#.54K(.
#..)..#..'..#..5..5..#.(.
#..#####'#####§#__####45(
#..####..#...#.#### ####
#).#__####..##.#
#..#___3§##'#_.'
#⌠⌠#_.∩.@K§4.._#
####_..55##_.#'#
#_____###+#.# ####### ###


You could see a hellwing (summoned), a kobold demonologist, a smoke demon
(summoned), a quasit (summoned) and a crimson imp (summoned).

Vanquished Creatures
  A slime creature (D)
  Sigmund (D)
  A yak (D)
  A floating eye (D)
  An ogre (D)
  A jelly (D)
  Ijyb (D)
7 creatures vanquished.

Notes
Turn   | Place    | Note
-------+----------+-------------------------------------------
     0 | D        | Hipnos the Gargoyle Brigand began the quest for the Orb.
     0 | D        | Reached XP level 1. HP: 12/12 MP: 1/1
     1 | D        | Noticed Ijyb
     8 | D        | Killed Ijyb
     9 | D        | Reached skill level 1 in Dodging
     9 | D        | Reached skill level 7 in Stealth
     9 | D        | Reached XP level 2. HP: 18/18 MP: 2/2
     9 | D        | Reached XP level 3. HP: 22/22 MP: 3/3
    67 | D        | Noticed an ogre
    77 | D        | Killed an ogre
    78 | D        | Reached skill level 10 in Stealth
    78 | D        | Reached XP level 4. HP: 28/28 MP: 4/4
   104 | D        | Noticed Sigmund
   107 | D        | Killed Sigmund
   108 | D        | Reached skill level 13 in Stealth
   108 | D        | Reached XP level 5. HP: 33/33 MP: 5/5
   108 | D        | Reached XP level 6. HP: 38/38 MP: 6/6
   116 | D        | Found an ornate altar of the Wu Jian Council.
   116 | D        | Found a shimmering blue altar of Sif Muna.
   118 | D        | Found a radiant altar of Vehumet.
   125 | D        | Found Meikuwim's Distillery.
   125 | D        | Found an ancient bone altar of Kikubaaqudgha.
   125 | D        | Found a hazy altar of Hepliaklqana.
   125 | D        | Found a stormy altar of Qazlal.
   125 | D        | Found a hide-covered altar of Uskayaw.
   125 | D        | Found a blossoming altar of Fedhas.
   125 | D        | Found a bloodstained altar of Trog.
   125 | D        | Found an iron altar of Okawaru.
   125 | D        | Found a basalt altar of Yredelemnul.
   125 | D        | Found a glowing golden altar of the Shining One.
   125 | D        | Found a snail-covered altar of Cheibriados.
   125 | D        | Found a sacrificial altar of Ru.
   125 | D        | Found a glowing silver altar of Zin.
   125 | D        | Found a shadowy altar of Dithmenos.
   125 | D        | Found a white marble altar of Elyvilon.
   125 | D        | Noticed a yak
   126 | D        | Found an opulent altar of Gozag.
   127 | D        | Killed a yak
   128 | D        | Reached skill level 15 in Stealth
   128 | D        | Reached XP level 7. HP: 43/43 MP: 7/7
   128 | D        | Found a sparkling altar of Nemelex Xobeh.
   133 | D        | Became a worshipper of Warmaster Okawaru
   190 | D        | Found a burning altar of Makhleb.
   190 | D        | Found a viscous altar of Jiyva.
   190 | D        | Found a shimmering altar of Xom.
   190 | D        | Found a corrupted altar of Lugonu.
   190 | D        | Noticed a slime creature
   193 | D        | Killed a slime creature
   194 | D        | Reached skill level 16 in Stealth
   205 | D        | Noticed a kobold demonologist
   206 | D        | Noticed a kobold demonologist
   210 | D        | Paralysed by a floating eye for 2 turns
   219 | D        | Paralysed by a floating eye for 2 turns
   221 | D        | Noticed a red devil
   221 | D        | Reached * piety under Okawaru
   226 | D        | HP: 2/44 [ufetubus[a kobold demonologist] (2)]
   393 | D        | Noticed a smoke demon
   395 | D        | Killed from afar by a smoke demon

Illustrated notes

Levels and vault maps discovered:
D:        dungeon_sprint_1 [red_sonja_temple_1, red_sonja_temple_small_1]

Skill      XL: |  1  2  3  4  5  6  7 |
---------------+----------------------+-----
Short Blades   | 2 3 4 |  4.0
Throwing       | 2 3 4 |  4.4
Dodging        | 1 2 |  2.1
Stealth        | 7 10 13 15 16 | 16.5
Fighting       | 3 4 |  4.4

Action                   |  1- 3 |  4- 6 |  7- 9 || total
-------------------------+-------+-------+-------++-------
Melee: Dagger            |     6 |     3 |    21 ||    30
Throw: Dart              |     4 |       |     9 ||    13
  Use: Potion            |     1 |       |     1 ||     2
       Scroll            |       |       |     1 ||     1
 Stab: Sleeping          |       |     3 |     1 ||     4
Armor: Robe              |       |       |    51 ||    51
Dodge: Dodged            |     1 |       |    43 ||    44
